 Dungeon Crawl Stone Soup version 0.25.0-33-gff14898491 (webtiles) character file.

Game seed: 17098560883635909555

192 Peloso the Shield-Bearer (level 5, 0/41 HPs)
             Began as a Demonspawn Fighter on July 7, 2020.
             Slain by a gnoll
             ... wielding a +0 spear
              (6 damage)
             ... on level 3 of the Dungeon.
             The game lasted 00:04:12 (3733 turns).

Peloso the Shield-Bearer (Demonspawn Fighter)       Turns: 3733, Time: 00:04:12

Health: 0/41       AC:  6    Str: 18    XL:     5   Next: 42%
Magic:  5/5        EV:  7    Int:  9    God:
Gold:   142        SH:  9    Dex: 12    Spells: 4/4 levels left

rFire    x . .     SeeInvis .   a - +0 long sword
rCold    + . .     Gourm    .   c - +0 kite shield
rNeg     + . .     Faith    +   p - +0 scale mail
rPois    .         Spirit   .   (no helmet)
rElec    .         Reflect  .   (no cloak)
rCorr    .         Harm     .   (no gloves)
MR       .....                  (no boots)
Stlth    ..........             j - amulet of faith
HPRegen  0.13/turn              r - ring of ice
MPRegen  0.09/turn              l - ring of positive energy

@: no status effects
A: claws 2
a: no special abilities


You were on level 3 of the Dungeon.
You were not hungry.

You visited 1 branch of the dungeon, and saw 3 of its levels.

You collected 142 gold pieces.

Inventory:

Hand Weapons
 a - a +0 long sword (weapon)
 b - a +0 vorpal hand axe
Armour
 c - a +0 kite shield (worn)
 p - a +0 scale mail (worn)
Jewellery
 g - an uncursed ring of stealth
 j - an amulet of faith (around neck)
 l - a ring of positive energy (right claw)
 m - an uncursed amulet of regeneration {unknown}
 r - a ring of ice (left claw)
Scrolls
 e - a scroll of enchant armour {unknown}
 h - 7 scrolls of identify {unknown}
 i - a scroll of immolation {unknown}
 k - a scroll of amnesia {unknown}
 n - a scroll of remove curse {unknown}
 s - a scroll of enchant weapon {unknown}
Potions
 d - 3 potions of might
 o - a potion of cancellation {unknown}
 q - a potion of resistance {unknown}
Comestibles
 f - 4 rations
 t - 3 chunks of flesh


   Skills:
 + Level 3.4 Fighting
 + Level 3.3 Long Blades
 + Level 3.6 Armour
 + Level 0.3 Dodging
 + Level 0.1 Stealth
 + Level 3.6 Shields


You had 4 spell levels left.
You didn't know any spells.
Your spell library was empty.

Dungeon Overview and Level Annotations

Branches:
Dungeon (3/15)

Altars:
Kikubaaqudgha


Innate Abilities, Weirdness & Mutations

You have very sharp fingernails.


Message History

You see here a +0 spear.
You closely miss the gnoll. The gnoll hits you with a +0 spear.
You block the gnoll's attack. The gnoll barely misses you.
The gnoll hits you from afar with a +0 halberd.
You aren't carrying any items that you can evoke.
The gnoll hits you from afar with a +0 halberd.
You block the gnoll's attack.
The gnoll hits you from afar with a +0 spear.
You hit the gnoll.
The gnoll is heavily wounded.
The gnoll hits you but does no damage. The gnoll hits you with a +0 halberd!
You hit the gnoll but do no damage.
The gnoll is heavily wounded.
You block the gnoll's attack. The gnoll hits you with a +0 halberd!
* * * LOW HITPOINT WARNING * * *
You slash the gnoll!
You kill the gnoll!
The gnoll hits you from afar with a +0 spear.
You die...

####.#...##
#......_....
#.#.##...#.#
###.###.##.#
#.###....#
#.....###
#####.# #.#
#@# #)# #g#
#..# #.>.#
......
##.....
#.#..##
#(##.#


You could see a gnoll.

Vanquished Creatures
  A bullfrog zombie (D:3)
  An orc priest (D:3)
  2 gnolls (D:3)
  3 adders
  3 oozes
  2 dart slugs
  A leopard gecko (D:2)
  3 orcs (D:2)
  4 giant cockroaches
  15 goblins
  4 hobgoblins
  8 kobolds
  A quokka (D:2)
  6 bats
  3 frilled lizards
  6 rats
63 creatures vanquished.

Notes
Turn   | Place    | Note
-------+----------+-------------------------------------------
     0 | D:1      | Peloso the Demonspawn Fighter began the quest for the Orb.
     0 | D:1      | Reached XP level 1. HP: 18/18 MP: 1/1
   339 | D:1      | Gained mutation: You have sharp fingernails. [demonic
                  | ancestry]
   339 | D:1      | Reached XP level 2. HP: 24/24 MP: 2/2
   921 | D:1      | Reached XP level 3. HP: 29/29 MP: 3/3
  1864 | D:2      | Gained mutation: You have very sharp fingernails. [demonic
                  | ancestry]
  1864 | D:2      | Reached XP level 4. HP: 30/35 MP: 4/4
  3344 | D:3      | Reached XP level 5. HP: 36/41 MP: 5/5
  3699 | D:3      | Found an ancient bone altar of Kikubaaqudgha.
  3733 | D:3      | Slain by a gnoll

Illustrated notes

Levels and vault maps discovered:
D:1:      kennysheep_arrival_forest, layout_loops_corners, minmay_tetromino_i2
D:2:      layout_basic
D:3:      layout_loops_corners, marbit_many_paths,
          nicolae_overflow_crystal_walls, minmay_misc_feat_more_columns,
          kennysheep_generic_room_9

Skill      XL: |  1  2  3  4 |
---------------+-------------+-----
Armour         | 3 |  3.6
Shields        | 3 |  3.6
Long Blades    | 2 3 |  3.3
Fighting       | |  3.4
Dodging        | |  0.3
Stealth        | |  0.1

Action                   |  1- 3 |  4- 6 || total
-------------------------+-------+-------++-------
Melee: Long sword        |   146 |    97 ||   243
  Use: Potion            |     2 |       ||     2
  Eat: Chunk             |     3 |     3 ||     6
       Ration            |       |     1 ||     1
Armor: Scale mail        |    65 |    29 ||    94
Dodge: Dodged            |    34 |    39 ||    73
Block: Kite shield       |    68 |    63 ||   131
       Rpst.: Long sword |     9 |    14 ||    23
